AoeStats
← Simon Stokvis

African Clearing

505933096Analyzed
4v4 RM · 21d ago on Sep 11, 2026· 46m 51s· 8 players
Game mode
Random Map
Map size
Large (8 player)
Population
200
Speed
Normal
Resources
Standard
Victory
Conquest
Starting age
Dark Age
Ending age
Imperial Age
RankedLock teamsTeams togetherTeam positionsShared explorationLock speedFull tech treeHidden civsTurbo modeCheats
Victory
Defeat
🇩🇪 Berbers · Germany
1587
+12
🇹🇷 Huns · Türkiye
1539
+14
🇳🇱 Magyars · Netherlands
1518
+15
🇨🇳 Lithuanians · China
1393
+20
🇨🇿 Vietnamese · Czechia
1605
-21
🇨🇿 Cumans · Czechia
1534
-17
🇨🇿 Mongols · Czechia
1495
-15
🇨🇿 Chinese · Czechia
1306
-8
Sirda
3:54 Loom
13:16 Feudal Age
17:35 Castle Age
31:37 Double-Bit Axe
34:07 Scale Mail Armor
35:04 Bow Saw
34:35 Horse Collar
35:00 Gold Mining
35:00 Stone Mining
37:00 Wheelbarrow
37:37 Chain Mail Armor
38:13 Fletching
43:22 Imperial Age
42:04 Forging
42:18 Squires
43:46 Iron Casting
42:59 Arson
43:37 Heavy Plow
43:53 Bodkin Arrow
44:20 Ballistics
45:22 Plate Mail Armor
45:52 Hand Cart
47:19 Blast Furnace
Kapitan_Flafik_cz
3:15 Loom
13:18 Feudal Age
14:29 Double-Bit Axe
17:54 Castle Age
17:30 Horse Collar
17:42 Gold Mining
18:58 Bow Saw
20:06 Scale Barding Armor
20:12 Forging
22:21 Bloodlines
22:14 Husbandry
29:23 Wheelbarrow
29:53 Town Watch
33:05 Hand Cart
38:34 Imperial Age
37:49 Chain Barding Armor
37:20 Fletching
38:09 Iron Casting
38:54 Heavy Plow
38:51 Heavy Camel Rider
39:55 Light Cavalry
juhelak
9:52 Loom
13:05 Feudal Age
16:55 Castle Age
14:51 Double-Bit Axe
17:34 Fletching
19:32 Bodkin Arrow
21:34 Padded Archer Armor
22:18 Bow Saw
28:00 Town Watch
28:55 Wheelbarrow
28:39 Leather Archer Armor
29:04 Horse Collar
33:29 Gold Mining
34:34 Ballistics
39:25 Imperial Age
40:07 Bracer
42:05 Chemistry
42:59 Hoardings
43:37 Ring Archer Armor
44:48 Thumb Ring
45:22 Paper Money
46:13 Bloodlines
46:03 Husbandry
46:43 Scale Barding Armor
47:30 Forging
RegiTehT
6:46 Loom
12:56 Feudal Age
33:22 Double-Bit Axe
41:14 Wheelbarrow
40:22 Horse Collar
45:06 Castle Age
Simon Stokvis
10:20 Loom
13:51 Feudal Age
17:30 Castle Age
16:57 Double-Bit Axe
19:14 Bow Saw
24:18 Fletching
25:25 Padded Archer Armor
26:29 Ballistics
28:31 Thumb Ring
28:16 Town Watch
34:55 Imperial Age
32:36 Gold Mining
34:44 Horse Collar
34:59 Heavy Cavalry Archer
35:39 Bodkin Arrow
36:54 Chemistry
36:39 Parthian Tactics
37:13 Recurve Bow
38:37 Bracer
41:29 Leather Archer Armor
41:19 Husbandry
41:34 Bloodlines
43:42 Two-Man Saw
43:05 Conscription
mRt_Khan
5:11 Loom
12:09 Feudal Age
12:39 Double-Bit Axe
15:02 Fletching
24:40 Castle Age
23:26 Padded Archer Armor
25:40 Bow Saw
28:03 Bodkin Arrow
38:05 Wheelbarrow
37:15 Town Watch
47:30 Imperial Age
45:02 Horse Collar
46:50 Ballistics
46:21 Gold Mining
Matzeking
13:08 Feudal Age
11:29 Loom
13:14 Feudal Age
18:32 Castle Age
16:49 Double-Bit Axe
17:47 Horse Collar
20:04 Bow Saw
20:15 Fletching
28:58 Heavy Plow
30:53 Wheelbarrow
31:17 Bodkin Arrow
33:04 Hand Cart
33:14 Town Watch
34:17 Padded Archer Armor
35:24 Bloodlines
35:14 Husbandry
39:09 Imperial Age
37:02 Ballistics
37:05 Leather Archer Armor
38:07 Kasbah
39:59 Thumb Ring
40:06 Bracer
41:12 Chemistry
40:10 Elite Camel Archer
41:28 Ring Archer Armor
41:58 Conscription
41:35 Stone Mining
41:36 Gold Mining
41:55 Scale Barding Armor
42:00 Forging
42:24 Crop Rotation
42:28 Masonry
43:32 Chain Barding Armor
43:55 Hoardings
43:32 Light Cavalry
44:34 Hussar
46:04 Plate Barding Armor
老狐狸
10:49 Feudal Age
14:44 Scale Barding Armor
15:28 Loom
23:51 Horse Collar
28:31 Castle Age
27:10 Double-Bit Axe
28:38 Wheelbarrow
30:38 Bow Saw
30:31 Heavy Plow
41:29 Imperial Age
39:21 Gold Mining
39:21 Stone Mining
39:49 Hand Cart
39:47 Husbandry
39:57 Bloodlines
39:40 Fletching
39:51 Padded Archer Armor
40:39 Bodkin Arrow
41:02 Town Watch
41:49 Thumb Ring
42:59 Conscription
42:41 Tower Shields
43:45 Chemistry
43:06 Ballistics
42:51 Bracer
43:07 Leather Archer Armor
42:37 Elite Genitour
43:05 Elite Leitis
44:11 Chain Barding Armor
44:02 Forging
45:01 Ring Archer Armor
44:52 Chain Barding Armor
44:43 Forging
46:44 Hoardings
46:56 Crop Rotation
Connection lost

Rejoining the realm…

Still unreachable

The connection could not be restored.

Session expired

The server has moved on; the page needs a fresh start.